 Dungeon Crawl Stone Soup version 0.20-a0-313-g10ed074 (webtiles) character file.

384 Junicave the Digger (level 6, -6/35 HPs)
             Began as a Gargoyle Earth Elementalist on Dec 20, 2016.
             Killed from afar by Junicave's ghost (19 damage)
             ... with a stone arrow
             ... on level 3 of the Dungeon.
             The game lasted 00:16:15 (5520 turns).

Junicave the Digger (Gargoyle Earth Elementalist)   Turns: 5520, Time: 00:16:17

Health: -6/35      AC:  9    Str: 11    XL:     6   Next: 77%
Magic:  2/11       EV: 12    Int: 18    God:
Gold:   132        SH:  0    Dex: 10    Spells: 8/12 levels left

rFire  . . .     SeeInvis .     o - -2 dagger (curse)
rCold  . . .     Gourm    .     g - +0 leather armour
rNeg   + . .     Faith    .     (no shield)
rPois  ∞         Spirit   .     (no helmet)
rElec  +         Reflect  .     h - +0 cloak
rCorr  .         Harm     .     r - +0 pair of gloves
MR     .....                    (no boots)
Stlth  ++........               (no amulet)
                                (no ring)
                                (no ring)

@: no status effects
A: negative energy resistance 1, electricity resistance, unbreathing,
petrification resistance, rot immunity, AC +4
a: no special abilities


You were on level 3 of the Dungeon.
You were not hungry.

You visited 1 branch of the dungeon, and saw 4 of its levels.

You collected 132 gold pieces.

Inventory:

Hand Weapons
 d - a +1 dagger of chaos
 o - a cursed -2 dagger (weapon)
 q - a cursed +0 club
 u - a +0 whip
Missiles
 b - 104 stones (quivered)
Armour
 c - a +0 robe
 g - a +0 leather armour (worn)
 h - a +0 cloak (worn)
 k - a +2 leather armour of poison resistance
 l - a cursed +0 robe
 r - a +0 pair of gloves (worn)
Wands
 w - a wand of flame (27/48)
 y - a wand of digging (14/24)
Scrolls
 a - 3 scrolls of identify {unknown}
 i - 2 scrolls of remove curse {unknown}
 j - 2 scrolls of recharging {unknown}
 s - a scroll of fear {unknown}
 v - a scroll of amnesia {unknown}
Potions
 f - 3 potions of degeneration {unknown}
 n - a potion of lignification {unknown}
 p - a potion of haste {unknown}
 t - a potion of cancellation {unknown}
 x - a potion of mutation {unknown}
 z - a potion of heal wounds {unknown}
Books
 e - a book of Geomancy

   Spells                             Type                      Level
   a - Sandblast                      Earth                        1
   b - Passwall                       Transmutation/Earth          2
   c - Stone Arrow                    Conjuration/Earth            3
   d - Petrify                        Transmutation/Earth          4
   e - Lee's Rapid Deconstruction     Earth                        5
Comestibles
 m - a beef jerky
 A - a meat ration


   Skills:
 + Level 1.8 Fighting
 + Level 1.3 Maces & Flails
 + Level 2.2 Armour
 + Level 2.7 Dodging
 - Level 2.1 Stealth
 * Level 3.8 Spellcasting
 + Level 2.1 Conjurations
   Level 0.7 Transmutations
 + Level 4.7 Earth Magic


You had 8 spell levels left.
You knew the following spells:

 Your Spells              Type           Power        Failure   Level  Hunger
a - Sandblast             Erth           ###...       2%          1    None
b - Stone Arrow           Conj/Erth      ###...       17%         3    ###....


Dungeon Overview and Level Annotations

Branches:
Dungeon (4/15)
 Temple: D:4-7

Altars:
Xom

Annotations:
D:3 Junicave's ghost, amateur GrEE


Innate Abilities, Weirdness & Mutations

You are resistant to torment.
Your stone body is resilient. (AC +4)
You are immune to poison.
You resist negative energy. (rN+)
You are resistant to electric shocks. (rElec)
You can survive without breathing.
You are immune to petrification.
You are immune to rotting.


Message History

The orc priest miscasts a cantrip.
You closely miss the orc priest.
The orc priest begins to cast a cantrip, but forgets the words!
The orc priest calls down the wrath of Beogh upon you.
Pain shoots through your body!
There is a stone staircase leading up here.
You climb upwards.
Level annotation: Junicave's ghost, amateur GrEE A hobgoblin comes into view.
There is a stone staircase leading down here.
You barely miss the hobgoblin.
The hobgoblin shouts!
The hobgoblin hits you but does no damage.
You hit the hobgoblin.
The hobgoblin is moderately wounded.
The hobgoblin misses you.
Junicave's ghost gestures at you while chanting.
The stone arrow hits you!
Ouch! That really hurt!
You die...

#.......#.....##......#.......# .
#.....###....................##.#
.....## #.............#.......#.#
#....# #...#...#...............#
#....# #......................##
#....# ####..............<......
###..#####............##....#####
..............>..................
###..###..>..#.#@............####
###...#.........g..#W....##### #
#..............######.....##
...............# ##.....#
..<...........#### ##...#.###
.)............)..####........##
..............##......#.......#
..............#######.........#
................##....#.....>.#


You could see Junicave's ghost and a hobgoblin.

Vanquished Creatures
  2 crimson imps (D:3)
  An orc priest (D:4)
  A hound (D:4)
  Terence (D:1)
  Natasha (thrice) (D:3)
  5 adders
  A howler monkey skeleton (D:4)
  An ooze (D:1)
  2 worms
  2 dart slugs (D:2)
  5 leopard geckos
  3 orcs
  2 ball pythons (D:2)
  7 bats
  3 giant cockroaches
  10 goblins
  9 hobgoblins
  7 jackals (D:3)
  A quokka (D:2)
  4 frilled lizards
  4 kobolds
  10 rats
84 creatures vanquished.

Notes
Turn   | Place    | Note
-------+----------+-------------------------------------------
     0 | D:1      | Junicave the Gargoyle Earth Elementalist began the quest for the Orb.
     0 | D:1      | Reached XP level 1. HP: 10/10 MP: 3/3
   169 | D:1      | Reached XP level 2. HP: 15/15 MP: 1/5
   794 | D:1      | Reached XP level 3. HP: 19/19 MP: 5/7
   965 | D:1      | Reached skill level 4 in Earth Magic
  1291 | D:2      | Learned a level 3 spell: Stone Arrow
  2149 | D:2      | Reached XP level 4. HP: 18/24 MP: 8/8
  2757 | D:3      | Noticed Junicave's ghost (amateur GrEE)
  2768 | D:3      | Noticed Terence
  2899 | D:1      | Killed Terence
  2899 | D:1      | Reached skill level 1 in Conjurations
  3305 | D:3      | Reached XP level 5. HP: 24/28 MP: 6/9
  3426 | D:3      | Noticed Natasha
  3439 | D:3      | Killed Natasha
  3439 | D:3      | Reached skill level 1 in Armour
  3472 | D:3      | Noticed Natasha
  3663 | D:3      | HP: 1/28 [Junicave's ghost/stone arrow (11)]
  4420 | D:3      | Killed Natasha
  4677 | D:3      | Found a shimmering altar of Xom.
  4741 | D:3      | Noticed Natasha
  4743 | D:3      | Killed Natasha
  4743 | D:3      | Reached skill level 1 in Fighting
  4743 | D:3      | Reached XP level 6. HP: 34/34 MP: 1/11
  4791 | D:3      | Reached skill level 1 in Maces & Flails
  5037 | D:3      | Paralysed by a crimson imp for 2 turns
  5114 | D:4      | Paralysed by fainting for 7 turns
  5520 | D:3      | Killed from afar by Junicave's ghost

Vault maps used:
D:1:      onia_arrival_larder
D:3:      led_xom_imps, minmay_misc_feat_columns, minivault_14, minivault_24,
          uniq_natasha, uniq_terence
D:4:      lemuel_doored_altar, lemuel_zombie_altar_kikubaaqudgha, first_bread,
          hangedman_decor_peaks_small

Skill      XL: |  1  2  3  4  5  6 |
---------------+-------------------+-----
Earth Magic    | 4 |  4.7
Dodging        | 2 |  2.7
Spellcasting   | 3 |  3.8
Conjurations   | 1 2 |  2.1
Armour         | 1 2 |  2.2
Fighting       | 1 |  1.8
Maces & Flails | 1 |  1.3
Stealth        | |  2.1
Transmutations | |  0.7

Action                   |  1- 3 |  4- 6 || total
-------------------------+-------+-------++-------
Melee: Unarmed           |   170 |       ||   170
       Battleaxe         |     7 |    13 ||    20
       Dagger            |       |   298 ||   298
 Cast: Sandblast         |    28 |    57 ||    85
       Stone Arrow       |     2 |    35 ||    37
 Stab: Sleeping          |     2 |       ||     2
       Distracted        |     1 |       ||     1
  Eat: Chunk             |     4 |    11 ||    15
       Bread ration      |       |     1 ||     1
Armor: Robe              |     7 |       ||     7
       Leather armour    |    58 |   172 ||   230
Dodge: Dodged            |    99 |   303 ||   402
